 Dungeon Crawl Stone Soup version 0.22-a0-410-g97be04f (webtiles) character file.

132 Serpenta the Slasher (level 5, -12/42 HPs)
             Began as a Barachi Chaos Knight on May 11, 2018.
             Killed from afar by a bat (32 damage)
             ... with an exploding inner flame
             ... hexed by the player character
             ... on level 3 of the Dungeon.
             The game lasted 00:03:06 (2065 turns).

Serpenta the Slasher (Barachi Chaos Knight)         Turns: 2065, Time: 00:03:07

Health: -12/42     AC:  5    Str: 13    XL:     5   Next: 15%
Magic:  5/5        EV: 11    Int: 12    God:    Xom [....*.]
Gold:   43         SH:  0    Dex: 13    Spells: 4/4 levels left

rFire    . . .     SeeInvis .   a - +0 falchion (chaos)
rCold    . . .     Gourm    .   (no shield)
rNeg     . . .     Faith    .   b - +2 leather armour
rPois    .         Spirit   .   (no helmet)
rElec    .         Reflect  .   (no cloak)
rCorr    .         Harm     .   (no gloves)
MR       .....                  (no boots)
Stlth    +.........             (no amulet)
HPRegen  0.14/turn              (no ring)
MPRegen  0.09/turn              (no ring)

@: about to teleport, can't hop, slow
A: +LOS, swims, slowness 1, strong legs 1
a: Hop, Renounce Religion


You were on level 3 of the Dungeon.
You worshipped Xom.
You were a beloved toy of Xom.
You were not hungry.

You visited 1 branch of the dungeon, and saw 3 of its levels.

You collected 43 gold pieces.


Innate Abilities, Weirdness & Mutations

Shadows flee at your approach. (+LOS)
You can swim through water.
You cover ground slowly.
You can hop short distances.


   Skills:
 + Level 4.2 Fighting
 + Level 6.5 Long Blades
 - Level 2.4 Armour
 - Level 1.1 Dodging


You had 4 spell levels left.
You didn't know any spells.

Action                   |  1- 3 |  4- 6 || total
-------------------------+-------+-------++-------
Melee: Falchion          |    66 |    78 ||   144
 Abil: Hop               |       |     1 ||     1
  Use: Scroll            |       |     5 ||     5
 Stab: Sleeping          |     1 |     1 ||     2
       Confused          |     1 |     1 ||     2
  Eat: Chunk             |       |     5 ||     5
Armor: Leather armour    |    29 |    30 ||    59
Dodge: Dodged            |    52 |    61 ||   113
       Rpst.: Falchion   |    11 |    19 ||    30

Inventory:

Hand Weapons
 a - a +0 falchion of chaos (weapon)
Missiles
 i - 4 javelins of penetration (quivered)
Armour
 b - a +2 leather armour (worn)
Scrolls
 d - a scroll of amnesia {unknown}
 e - a scroll of teleportation
 f - a scroll of immolation
 g - a scroll of remove curse {unknown}
 h - a scroll of identify
 l - a scroll of fog {god gift, unknown}
Potions
 j - 2 potions of curing
 k - a potion of might
Comestibles
 c - 5 rations

,,, ,
................>#*******
,**,,,,,............÷..#.#
,* ,,,,,............##.#.#
**** **#####.......##.#.#
#.......##.#.# + *
####'#####.#.# ,,* #.#
#.#.# ,,* #.# #.#.# ,, #@#
#.#.# +########### #§#
#.#.########
,#.........#####§#
#.....)....#
,#..o......'...÷.#
###!######.#
,#.........#...#.# #.# #.#
%#.........#...#########.#
#.#
.....o.....+...+.........#
#.#
...o......##...###########
#.# ..........##...# #.#


There were no monsters in sight!

Vanquished Creatures
  4 gnolls (D:2)
  4 adders
  4 dart slugs
  2 giant cockroaches
  4 goblins
  A hobgoblin (D:2)
  9 jackals
  2 quokkas
  8 bats
  2 frilled lizards
  4 kobolds
  7 rats
51 creatures vanquished.

Vault maps used:
D:1:      lemuel_arrival_river_bridge
D:2:      old_standard_altar, marbit_many_paths, nicolae_overflow_crystal_walls,
          corexii_corridor_pit, cheibriados_altar_1
D:3:      first_ration, uniq_terence


Message History

There is an open door here.
The bat hits you but does no damage.
Hop to where?
Press: ? - help, Dir - move target cursor Boing!
The bat hits you but does no damage.
As you read the scroll labeled DAHORO VEUPH, it crumbles to dust.
The creatures around you are filled with an inner flame!
It was a scroll of immolation.
The bat completely misses you.
You riposte.
You closely miss the bat.
As you read the scroll labeled ZICKOF WIMMAGG, it crumbles to dust.
You feel strangely unstable.
It was a scroll of teleportation.
The bat hits you. The bat completely misses you.
You riposte.
You miss the bat. The bat hits you but does no damage.
The bat barely misses you.
You riposte.
You hit the bat.
The bat explodes!
The fiery explosion engulfs you!
Ouch! That really hurt!
You die...
Xom is highly amused!

Notes
Turn   | Place    | Note
-------+----------+-------------------------------------------
     0 | D:1      | Serpenta the Barachi Chaos Knight began the quest for the Orb.
     0 | D:1      | Reached XP level 1. HP: 18/18 MP: 1/1
    77 | D:1      | Reached skill level 4 in Long Blades
   172 | D:1      | Reached XP level 2. HP: 22/24 MP: 2/2
   507 | D:1      | Reached XP level 3. HP: 27/29 MP: 3/3
   544 | D:1      | Reached skill level 5 in Long Blades
   805 | D:2      | Found a snail-covered altar of Cheibriados.
   847 | D:2      | XOM: smoke on damage
   850 | D:2      | Reached XP level 4. HP: 20/36 MP: 4/4
   861 | D:2      | Reached skill level 6 in Long Blades
  1062 | D:2      | XOM: silly message
  1121 | D:2      | Found an opulent altar of Gozag.
  1180 | D:2      | XOM: divination: detect items
  1233 | D:2      | XOM: smoke on damage
  1281 | D:2      | XOM: cloud trail
  1327 | D:2      | Found a blossoming altar of Fedhas.
  1532 | D:2      | XOM is BORED!
  1532 | D:2      | XOM: stat loss: -1 Int (11/12)
  1648 | D:2      | XOM: god gift: scroll labeled ICRUNO BA WIO {god gift}
  1772 | D:2      | Found a radiant altar of Vehumet.
  1781 | D:2      | XOM: cleaving
  1786 | D:2      | Reached XP level 5. HP: 39/42 MP: 5/5
  1801 | D:2      | XOM: scenery: create altars
  1997 | D:3      | XOM: divination: magic mapping
  2065 | D:3      | Killed from afar by a bat
